 Dungeon Crawl Stone Soup version 0.18-a0-816-g97f838e (webtiles) character file.

1173 George the Magician (level 8, -3/41 HPs)
             Began as a Deep Elf Conjurer on Dec 15, 2015.
             Was an Initiate of Vehumet.
             Slain by a shadow (5 damage)
             ... on level 7 of the Dungeon.
             The game lasted 00:19:19 (6201 turns).

George the Magician (Deep Elf Conjurer)             Turns: 6201, Time: 00:19:19

Health: -3/41      AC:  5    Str:  5    XL:     8   Next: 18%
Magic:  22/30      EV: 11    Int: 23    God:    Vehumet [......]
Gold:   348        SH:  0    Dex: 15    Spells: 3 memorised, 14 levels left

rFire  . . .     SeeInvis .     (no weapon)
rCold  . . .     Clarity  .     a - +1 robe
rNeg   . . .     SustAt   .     (no shield)
rPois  .         Gourm    .     (no helmet)
rElec  .         Spirit   .     w - +0 cloak
rCorr  .         Dismiss  .     D - +0 pair of gloves
rMut   .         Stasis   .     (no boots)
MR     .....                    (no amulet)
Stlth  ++++......               s - ring of stealth
                                i - ring of magical power

@: lethally poisoned (-3 -> -4), not resistant to hostile enchantments, stealthy
A: no striking features
a: Renounce Religion


You were on level 7 of the Dungeon.
You worshipped Vehumet.
Vehumet was noncommittal.
You were hungry.

You visited 2 branches of the dungeon, and saw 8 of its levels.

You collected 348 gold pieces.

Inventory:

Armour
 a - a +1 robe (worn)
 w - a +0 cloak (worn)
 D - a +0 pair of gloves (worn)
Jewellery
 i - a ring of magical power (left hand)
 s - a ring of stealth (right hand)
 C - an uncursed ring of protection from cold
 E - an uncursed ring of magical power
Wands
 u - a wand of hasting (6)
Scrolls
 y - 4 scrolls of remove curse
 H - a scroll of enchant weapon
Potions
 g - 2 potions of might
 h - a potion of invisibility
 o - a potion of magic {unknown}
 p - a potion of degeneration {unknown}
 q - a potion of cancellation {unknown}
 v - a potion of brilliance {unknown}
 z - a potion of flight {unknown}
 F - a potion of agility {unknown}
Books
 b - a book of Conjurations

   Spells                             Type                      Level
   a - Magic Dart                     Conjuration                  1
   b - Searing Ray                    Conjuration                  2
   c - Dazzling Spray                 Conjuration/Hexes            3
   d - Fulminant Prism                Conjuration/Hexes            4
   e - Iskenderun's Mystic Blast      Conjuration                  4
   f - Iskenderun's Battlesphere      Conjuration/Charms           5
Comestibles
 c - 6 bread rations
 f - 5 meat rations
 m - 2 royal jellies
 r - 2 slices of pizza


   Skills:
 + Level 6.9 Dodging
 - Level 3.7 Stealth
 + Level 7.6 Spellcasting
 + Level 7.3 Conjurations
 + Level 2.2 Charms


You had 14 spell levels left.
You knew the following spells:

 Your Spells              Type           Power        Failure   Level  Hunger
a - Magic Dart            Conj           ####         1%          1    None
b - Searing Ray           Conj           #####.       1%          2    None
c - Iskenderun's Battles  Conj/Chrm      ####....     30%         5    #####..


Dungeon Overview and Level Annotations

Branches:
Dungeon (7/15)             Temple (1/1) D:6

Altars:
Ashenzari
Cheibriados
Dithmenos
Elyvilon
Fedhas
Gozag
Makhleb
Nemelex Xobeh
Pakellas
Qazlal
Ru
Sif Muna
Trog
Vehumet
Xom
Zin
The Shining One


Message History

Things that are here:
a killer bee corpse x2
You feel sick.
There is an open door here.
You feel sick.
You feel sick.
A shadow comes into view.
Things that are here:
a leather armour; a scythe You feel sick.
You feel sick.
You feel sick.
There is an oddly glowing altar of Pakellas here.
The shadow hits you.
* * * LOW HITPOINT WARNING * * *
You feel sick.
You feel sick.
There is a stone staircase leading up here.
The shadow hits you.
You die...

#...)..._......#
#...#.......#.##
#.(.#.......#.#
#...##(.D..## #
#...####.####.#
##.?..........#
###.........##
#.#..W....#
...#..@....#
.....#.......#
....?..###+#+###
##.....# #.....#
#(...#


You could see a four-headed hydra and a shadow.

Vanquished Creatures
  A necrophage (D:6)
  A centaur (D:4)
  A water moccasin skeleton (D:6)
  4 killer bees (D:7)
  A giant frog skeleton (D:4)
  An iron imp (D:5)
  3 crimson imps
  An iguana (D:5)
  A gnoll shaman (D:5)
  3 centaur skeletons
  2 jellies
  2 orc wizards
  A hound (D:4)
  3 worker ants
  A killer bee zombie (D:5)
  A hound skeleton (D:4)
  8 adders
  4 gnolls
  2 shadow imps
  2 giant geckos
  17 orcs
  9 bats
  9 giant cockroaches
  5 goblins
  6 hobgoblins
  10 jackals
  2 quokkas (D:5)
  2 giant newts
  7 kobolds
  11 rats
121 creatures vanquished.

Notes
Turn   | Place    | Note
--------------------------------------------------------------
     0 | D:1      | George the Deep Elf Conjurer began the quest for the Orb.
     0 | D:1      | Reached XP level 1. HP: 10/10 MP: 6/6
    62 | D:1      | Reached XP level 2. HP: 15/15 MP: 2/8
   847 | D:1      | Reached XP level 3. HP: 19/19 MP: 10/10
  1132 | D:2      | Found a shadowy altar of Dithmenos.
  1166 | D:2      | Found a blossoming altar of Fedhas.
  1194 | D:2      | Found a stormy altar of Qazlal.
  1242 | D:2      | Reached XP level 4. HP: 24/24 MP: 12/12
  2357 | D:3      | Learned a level 2 spell: Searing Ray
  2393 | D:4      | Reached skill level 5 in Conjurations
  2393 | D:4      | Reached XP level 5. HP: 28/28 MP: 13/13
  2604 | D:4      | Noticed a centaur
  2718 | D:4      | Found a shattered altar of Ashenzari.
  2729 | D:4      | Reached skill level 5 in Spellcasting
  3076 | D:4      | Reached XP level 6. HP: 22/32 MP: 16/16
  3234 | D:4      | Found a burning altar of Makhleb.
  3239 | D:4      | Found a glowing silver altar of Zin.
  3239 | D:4      | Noticed an angel
  3240 | D:4      | Noticed a green death
  3487 | D:4      | Reached skill level 5 in Dodging
  3492 | D:4      | Reached skill level 6 in Spellcasting
  3690 | D:5      | Entered Level 5 of the Dungeon
  3916 | D:5      | Found a shimmering altar of Xom.
  3948 | D:5      | Reached XP level 7. HP: 31/36 MP: 18/18
  4890 | D:5      | Found a snail-covered altar of Cheibriados.
  4975 | D:6      | Found a glowing golden altar of the Shining One.
  5027 | D:6      | Found a white marble altar of Elyvilon.
  5042 | D:6      | Found a staircase to the Ecumenical Temple.
  5058 | Temple   | Entered the Ecumenical Temple
  5275 | Temple   | Became a worshipper of Vehumet
  5483 | D:6      | Reached skill level 7 in Spellcasting
  5835 | D:6      | Found a bloodstained altar of Trog.
  5962 | D:7      | Noticed a four-headed hydra
  6012 | D:7      | Found an oddly glowing altar of Pakellas.
  6021 | D:7      | Learned a level 5 spell: Iskenderun's Battlesphere
  6067 | D:7      | Reached XP level 8. HP: 39/41 MP: 10/21
  6165 | D:7      | HP: 1/41 [killer bee (7)]
  6167 | D:7      | Reached skill level 1 in Charms
  6195 | D:7      | HP: 2/41 [poisoned by a killer bee]
  6201 | D:7      | Slain by a shadow

Vault maps used:
D:1:      dpeg_arrival_renting, minmay_door_square
D:2:      grunt_dithmenos_smoke_and_mirrors,
          grunt_temple_overflow_forces_of_nature, kennysheep_generic_room_14
D:4:      forest_paths, grunt_temple_overflow_order_and_chaos_2,
          old_standard_altar
D:5:      minmay_opposing_rooms, xom_teletrap_fun, slow_altar_2, first_bread
D:6:      kennysheep_mini_moat, minmay_temple_entry_purple_smoke,
          minmay_misc_feat_chi, hangedman_feature_mirror, minmay_holes
D:7:      kennysheep_mini, old_standard_altar,
          lemuel_mausoleum_altar_yredelemnul
Temple:   hc_temple_tempest_star_small

Action                   |  1- 3 |  4- 6 |  7- 9 || total
-------------------------+-------+-------+-------++-------
Melee: Unarmed           |       |     2 |     1 ||     3
Throw: Throwing net      |     1 |       |       ||     1
 Cast: Magic Dart        |    70 |   119 |   104 ||   293
       Searing Ray       |       |    11 |    12 ||    23
  Use: Scroll            |     6 |     4 |     4 ||    14
       Potion            |       |       |     3 ||     3
  Eat: Chunk             |     1 |     8 |     6 ||    15
